Maple Leafs vs Kings

Created - 24 octobre 2017 at 16:42

Goals
1 2 3 OT1 T
Maple Leafs 0 3 1 0 4
Kings 2 0 2 1 5
Shots
1 2 3 OT1 T
Maple Leafs 13 6 16 0 35
Kings 11 5 12 1 29

1st period

1. Kings , Alex Ovechkin 4 (Ryan Kesler 5) at 10:58
2. Kings , Martin Hanzal 5 (Thomas Vanek 5, Jason Zucker 3) at 18:01

Penalties :
Hampus Lindholm (TOR) for Interference (Minor) at 2:19

2nd period

3. Maple Leafs , Logan Couture 3 (Nikolaj Ehlers 5) at 2:30
4. Maple Leafs , Anze Kopitar 5 (Mike Hoffman 5) at 2:56 (PP)
5. Maple Leafs , Mike Hoffman 2 (Travis Zajac 3, Fredrik Claesson 1) at 19:35

Penalties :
Alex Ovechkin (LAK) for Interference (Minor) at 2:52, Luke Schenn (TOR) for Interference (Minor) at 4:27, Michael Del Zotto (LAK) for Tripping (Minor) at 10:13, Nikolaj Ehlers (TOR) for Hooking (Minor) at 14:27

3rd period

6. Kings , Magnus Paajarvi 2 (Mathieu Perreault 3, Justin Schultz 1) at 9:48
7. Maple Leafs , Stephen Gionta 2 (Lars Eller 2, Nicklas Jensen 2) at 11:17
8. Kings , Mathieu Perreault 2 (Cam Fowler 2, Patrick Maroon 3) at 17:01

Penalties :
Artem Anisimov (LAK) for Tripping (Minor) at 2:41

Overtime #1

9. Kings , Alex Ovechkin 5 (Ryan Kesler 6, Ryan Miller) at 4:02

Penalties :
No Penalty

Goalie Stats

Marc-Andre Fleury (TOR), 24 saves from 29 shots - (0,828), OTL, 2-2-3, 64:02 minutes
Ryan Miller (LAK), 31 saves from 35 shots - (0,886), W, 3-3-1, 64:02 minutes

Players Stats for Maple Leafs

Player Name              G  A  P  +/- PIM S  H  SB GA TA FO     MP     PP MP  PK MP  
------------------------------------------------------------------------------------
Anze Kopitar             1  0  1   0  0   3  0  0  0  1  15/29  23:08   2:00   3:10 
Bobby Ryan               0  0  0   0  0   2  3  0  0  0  0/0    15:37   2:02   0:36 
Boyd Gordon              0  0  0  -1  0   0  0  0  0  0  0/0     7:42   0:00   0:00 
Fredrik Claesson         0  1  1   0  0   0  1  0  0  1  0/0    11:46   0:00   0:04 
Hampus Lindholm          0  0  0  -2  2   0  1  3  0  0  0/0    29:23   2:21   2:31 
Lars Eller               0  1  1  -1  0   6  0  0  0  1  8/16   14:03   0:00   0:00 
Logan Couture            1  0  1  -1  0   4  1  0  0  1  2/3    22:20   2:00   2:03 
Luke Schenn              0  0  0  -1  2   0  5  0  0  4  0/0    29:04   2:21   2:23 
Mike Hoffman             1  1  2   1  0   4  1  0  1  1  1/2    17:33   2:00   2:03 
Nicklas Jensen           0  1  1  -1  0   2  0  1  0  0  1/1    13:27   0:00   0:00 
Nikolaj Ehlers           0  1  1   0  2   4  3  0  2  1  0/1    19:43   2:02   0:00 
Sergey Kalinin           0  0  0  -1  0   1  1  0  0  1  0/1     7:42   0:00   0:00 
Stephen Gionta           1  0  1  -1  0   4  0  0  0  0  0/0    14:14   0:00   0:47 
Steven Santini           0  0  0   0  0   0  2  0  0  1  0/0    19:32   1:41   2:37 
Toby Enstrom             0  0  0   0  0   2  1  0  0  1  0/0    21:01   1:41   2:20 
Tom Kostopoulos          0  0  0  -1  0   0  2  0  1  1  0/1     7:42   0:00   0:00 
Travis Zajac             0  1  1   1  0   3  1  1  2  0  9/12   18:25   2:02   3:15 
Will O'Neill             0  0  0   0  0   0  0  0  0  0  0/0    13:44   0:00   1:59 

Players Stats for Kings

Player Name              G  A  P  +/- PIM S  H  SB GA TA FO     MP     PP MP  PK MP  
------------------------------------------------------------------------------------
Alex Ovechkin            2  0  2   0  2   5  4  0  1  0  0/2    21:05   2:44   0:00 
Alexander Edler          0  0  0   1  0   1  4  1  1  0  0/0    26:57   3:23   1:41 
Artem Anisimov           0  0  0   1  2   2  1  0  0  1  1/1    21:40   2:44   0:00 
Brian Dumoulin           0  0  0  -1  0   0  0  3  1  2  0/0    16:35   0:00   2:21 
Cam Fowler               0  1  1   2  0   2  1  3  1  1  0/0    27:57   3:23   1:41 
Danny DeKeyser           0  0  0   1  0   0  1  0  0  0  0/0    17:57   0:00   2:21 
Jason Zucker             0  1  1   0  0   1  1  0  2  0  0/1    15:10   0:02   2:10 
Justin Schultz           0  1  1   1  0   2  0  1  1  0  0/0    19:18   2:34   0:00 
Magnus Paajarvi          1  0  1   1  0   2  1  0  1  1  0/0    13:58   0:00   0:45 
Martin Hanzal            1  0  1   1  0   1  1  0  0  0  12/20  15:19   0:00   2:19 
Mathieu Perreault        1  1  2   1  0   3  3  0  1  0  6/17   17:00   3:11   0:00 
Michael Del Zotto        0  0  0  -1  2   1  1  1  0  0  0/0    15:17   2:34   0:00 
Oliver Bjorkstrand       0  0  0   0  0   3  1  0  1  0  0/0     7:57   0:02   0:00 
Patrick Maroon           0  1  1   1  0   2  0  1  2  0  0/0    17:09   3:11   0:48 
Ryan Kesler              0  2  2   0  0   3  1  1  0  1  8/20   20:48   2:44   0:00 
Ryan Reaves              0  0  0   0  0   0  1  0  0  0  0/0     9:01   0:00   1:04 
Thomas Vanek             0  1  1   0  0   1  1  0  1  0  0/0    15:44   3:11   0:00 
William Karlsson         0  0  0   0  0   0  1  0  1  0  3/5     9:09   0:02   0:58 

3 Stars

1 - Mathieu Perreault (LAK)
2 - Alex Ovechkin (LAK)
3 - Mike Hoffman (TOR)

Power Play

Maple Leafs - 1 on 3 Attempt(s) - 33,33%
Kings - 0 on 3 Attempt(s) - 0,00%

Penalty Kill

Maple Leafs - 3 on 3 Attempt(s) - 100,00% - Score 0 goal in Penalty Kill
Kings - 2 on 3 Attempt(s) - 66,67% - Score 0 goal in Penalty Kill

Team Stat

Maple Leafs - Hits : 22 - Faceoff Wins : 36 - Blocked Shots : 5 - Penalty Minutes : 6
Kings - Hits : 23 - Faceoff Wins : 30 - Blocked Shots : 11 - Penalty Minutes : 6

Official

Referees : Francis Charron and Steve Kozari
Linesman : Trent Knorr and Bryan Pancich

Game Notes

7:27 of 1st period - Maple Leafs goal is going for a video replay. After video review, No Goal. The puck has entered the net after making contact with an attacking player’s stick that is above the height of the crossbar.

Finance

Level 1 -- Attendance: 6000 (100,00%) -- Ticket Income 540 000 $
Level 2 -- Attendance: 5000 (100,00%) -- Ticket Income 250 000 $
Level 3 -- Attendance: 1984 (99,20%) -- Ticket Income 59 520 $
Level 4 -- Attendance: 4000 (100,00%) -- Ticket Income 40 000 $
Luxury Box -- Attendance: 1000 (100,00%) -- Ticket Income 160 000 $
Game was played at the Hollywood Garden.
Total Attendance: 17984 (99,91%)
Total Ticket Income: 1 049 520 $
Other Income: 514 265 $
Total Income: 1 563 785 $

Maple Leafs

5 vs 5 Forward 
   Center                   Left Wing                Right Wing               Time % Phy DF OF 
 1 Anze Kopitar             Logan Couture            Nikolaj Ehlers           40     0   2  3  
 2 Travis Zajac             Bobby Ryan               Mike Hoffman             30     0   2  3  
 3 Lars Eller               Nicklas Jensen           Stephen Gionta           20     0   3  1  
 4 Sergey Kalinin           Tom Kostopoulos          Boyd Gordon              10     0   5  0  

5 vs 5 Defense 
   Defense                  Defense                                           Time % Phy DF OF 
 1 Hampus Lindholm          Luke Schenn                                       40     0   4  1  
 2 Toby Enstrom             Steven Santini                                    30     0   4  1  
 3 Fredrik Claesson         Will O'Neill                                      20     0   5  0  
 4 Hampus Lindholm          Luke Schenn                                       10     0   4  1  

PowerPlay Forward 
   Center                   Left Wing                Right Wing               Time % Phy DF OF 
 1 Anze Kopitar             Logan Couture            Mike Hoffman             60     0   0  5  
 2 Travis Zajac             Bobby Ryan               Nikolaj Ehlers           40     0   0  5  

PowerPlay Defense
   Defense                  Defense                                           Time % Phy DF OF 
 1 Hampus Lindholm          Luke Schenn                                       60     0   0  5  
 2 Toby Enstrom             Steven Santini                                    40     0   0  5  

Penalty Kill 4 Players Forward 
   Center                   Wing                     Time % Phy DF OF 
 1 Travis Zajac             Anze Kopitar             60     0   5  0  
 2 Logan Couture            Mike Hoffman             40     0   5  0  

Penalty Kill 4 Players Defense
   Defense                  Defense                  Time % Phy DF OF 
 1 Hampus Lindholm          Luke Schenn              60     1   4  0  
 2 Toby Enstrom             Steven Santini           40     0   5  0  

Penalty Kill - 3 Players Forward 
   Forward                                           Time % Phy DF OF 
 1 Travis Zajac                                      60     0   5  0  
 2 Anze Kopitar                                      40     0   5  0  

Penalty Kill - 3 Players Defense
   Defense                  Defense                  Time % Phy DF OF 
 1 Hampus Lindholm          Luke Schenn              60     0   5  0  
 2 Toby Enstrom             Steven Santini           40     0   5  0  

4 vs 4 Forward 
   Center                   Wing                     Time % Phy DF OF 
 1 Anze Kopitar             Travis Zajac             60     0   3  2  
 2 Logan Couture            Mike Hoffman             40     0   3  2  

4 vs 4 Defense
   Defense                  Defense                  Time % Phy DF OF 
 1 Hampus Lindholm          Luke Schenn              60     0   3  2  
 2 Toby Enstrom             Steven Santini           40     0   3  2  

Last Minutes Offensive
   Center                   Left Wing                Right Wing               Defense                  Defense                  
   Anze Kopitar             Logan Couture            Mike Hoffman             Hampus Lindholm          Luke Schenn              

Last Minutes Defensive
   Center                   Left Wing                Right Wing               Defense                  Defense                  
   Anze Kopitar             Logan Couture            Mike Hoffman             Hampus Lindholm          Luke Schenn              

Goaltenders
Starting : Marc-Andre Fleury        
Backup : Petr Mrazek              

Extra Forwards
Normal : Lars Eller, Tom Kostopoulos, Stephen Gionta - PP : Lars Eller, Tom Kostopoulos - PK : Stephen Gionta
Extra Defensemen
Normal : Fredrik Claesson, Will O'Neill, Toby Enstrom - PP : Fredrik Claesson - PK : Will O'Neill, Toby Enstrom
Penalty Shots
Anze Kopitar, Logan Couture, Bobby Ryan, Nicklas Jensen, Lars Eller
Custom OT Lines Forwards
Anze Kopitar, Travis Zajac, Logan Couture, Mike Hoffman, Nikolaj Ehlers, Bobby Ryan, Lars Eller, Tom Kostopoulos, Stephen Gionta, Sergey Kalinin
Custom OT Lines Defensemen
Hampus Lindholm, Luke Schenn, Toby Enstrom, Steven Santini, Fredrik Claesson

Scratches
*salaire Leafs* (Suspend), Jeff Petry (Right Leg Injury)

Kings

5 vs 5 Forward 
   Center                   Left Wing                Right Wing               Time % Phy DF OF 
 1 Ryan Kesler              Artem Anisimov           Alex Ovechkin            37     1   2  2  
 2 Martin Hanzal            Thomas Vanek             Jason Zucker             30     1   2  2  
 3 Mathieu Perreault        Patrick Maroon           Magnus Paajarvi          24     1   2  2  
 4 William Karlsson         Ryan Reaves              Oliver Bjorkstrand       9      1   2  2  

5 vs 5 Defense 
   Defense                  Defense                                           Time % Phy DF OF 
 1 Cam Fowler               Alexander Edler                                   40     1   2  2  
 2 Danny DeKeyser           Justin Schultz                                    32     1   2  2  
 3 Michael Del Zotto        Brian Dumoulin                                    28     1   2  2  
 4 Alexander Edler          Cam Fowler                                        0      1   2  2  

PowerPlay Forward 
   Center                   Left Wing                Right Wing               Time % Phy DF OF 
 1 Ryan Kesler              Artem Anisimov           Alex Ovechkin            65     0   1  4  
 2 Mathieu Perreault        Patrick Maroon           Thomas Vanek             35     0   1  4  

PowerPlay Defense
   Defense                  Defense                                           Time % Phy DF OF 
 1 Cam Fowler               Alexander Edler                                   60     0   1  4  
 2 Justin Schultz           Michael Del Zotto                                 40     0   1  4  

Penalty Kill 4 Players Forward 
   Center                   Wing                     Time % Phy DF OF 
 1 Martin Hanzal            Jason Zucker             60     1   4  0  
 2 William Karlsson         Magnus Paajarvi          40     1   4  0  

Penalty Kill 4 Players Defense
   Defense                  Defense                  Time % Phy DF OF 
 1 Danny DeKeyser           Brian Dumoulin           60     1   4  0  
 2 Cam Fowler               Alexander Edler          40     1   4  0  

Penalty Kill - 3 Players Forward 
   Forward                                           Time % Phy DF OF 
 1 Ryan Kesler                                       60     1   4  0  
 2 Martin Hanzal                                     40     1   4  0  

Penalty Kill - 3 Players Defense
   Defense                  Defense                  Time % Phy DF OF 
 1 Cam Fowler               Alexander Edler          60     1   4  0  
 2 Danny DeKeyser           Brian Dumoulin           40     1   4  0  

4 vs 4 Forward 
   Center                   Wing                     Time % Phy DF OF 
 1 Ryan Kesler              Alex Ovechkin            60     0   2  3  
 2 Artem Anisimov           Thomas Vanek             40     1   2  2  

4 vs 4 Defense
   Defense                  Defense                  Time % Phy DF OF 
 1 Cam Fowler               Alexander Edler          60     0   2  3  
 2 Justin Schultz           Michael Del Zotto        40     1   2  2  

Last Minutes Offensive
   Center                   Left Wing                Right Wing               Defense                  Defense                  
   Ryan Kesler              Alex Ovechkin            Thomas Vanek             Cam Fowler               Justin Schultz           

Last Minutes Defensive
   Center                   Left Wing                Right Wing               Defense                  Defense                  
   Ryan Kesler              Martin Hanzal            William Karlsson         Cam Fowler               Danny DeKeyser           

Goaltenders
Starting : Ryan Miller              
Backup : Alex Stalock             

Extra Forwards
Normal : Mathieu Perreault, Jason Zucker, Patrick Maroon - PP : Mathieu Perreault, Patrick Maroon - PK : Ryan Reaves
Extra Defensemen
Normal : Danny DeKeyser, Brian Dumoulin, Cam Fowler - PP : Danny DeKeyser - PK : Cam Fowler, Brian Dumoulin
Penalty Shots
Thomas Vanek, William Karlsson, Alex Ovechkin, Artem Anisimov, Ryan Kesler
Custom OT Lines Forwards
Alex Ovechkin, Ryan Kesler, Artem Anisimov, Martin Hanzal, Thomas Vanek, Jason Zucker, Mathieu Perreault, Patrick Maroon, Oliver Bjorkstrand, William Karlsson
Custom OT Lines Defensemen
Justin Schultz, Cam Fowler, Brian Dumoulin, Michael Del Zotto, Danny DeKeyser

Scratches
Troy Stecher (Healthy), Semyon Varlamov (Healthy)

% Time on Ice - Maple Leafs

Lines # - Real PCT - Wanted PCT - Time Play
Normal Forward
1 - 33% - 40% - 16:36
2 - 25% - 30% - 12:16
3 - 27% - 20% - 13:27
4 - 15% - 10% - 7:42
Normal Defense
1 - 42% - 40% - 21:11
2 - 30% - 30% - 15:13
3 - 23% - 20% - 11:41
4 - 4% - 10% - 1:56
PP Forward
1 - 50% - 60% - 2:00
2 - 50% - 40% - 2:02
PP Defense
1 - 58% - 60% - 2:21
2 - 42% - 40% - 1:41
PK Forward
1 - 66% - 60% - 3:54
2 - 34% - 40% - 2:03
PK Defense
1 - 71% - 60% - 4:12
2 - 29% - 40% - 1:45
PK3 Forward
1 - 0% - 60%
2 - 0% - 40%
PK3 Defense
1 - 0% - 60%
2 - 0% - 40%
44 Forward
1 - 0% - 60%
2 - 0% - 40%
44 Defense
1 - 0% - 60%
2 - 0% - 40%
Last Minute Offensive  - 0:00
Last Minute Defensive  - 0:00
Total
Forward - 60:00
Defense - 60:00

% Time on Ice - Kings

Lines # - Real PCT - Wanted PCT - Time Play
Normal Forward
1 - 33% - 37% - 16:43
2 - 24% - 30% - 12:11
3 - 26% - 24% - 13:13
4 - 16% - 9% - 7:54
Normal Defense
1 - 43% - 40% - 21:25
2 - 31% - 32% - 15:28
3 - 26% - 28% - 13:08
4 - 0% - 0% - 0:00
PP Forward
1 - 46% - 65% - 2:46
2 - 54% - 35% - 3:11
PP Defense
1 - 57% - 60% - 3:23
2 - 43% - 40% - 2:34
PK Forward
1 - 81% - 60% - 3:17
2 - 19% - 40% - 0:45
PK Defense
1 - 58% - 60% - 2:21
2 - 42% - 40% - 1:41
PK3 Forward
1 - 0% - 60%
2 - 0% - 40%
PK3 Defense
1 - 0% - 60%
2 - 0% - 40%
44 Forward
1 - 0% - 60%
2 - 0% - 40%
44 Defense
1 - 0% - 60%
2 - 0% - 40%
Last Minute Offensive  - 0:00
Last Minute Defensive  - 0:00
Total
Forward - 60:00
Defense - 60:00

Play by Play

1st period


0:01 of 1st period - Anze Kopitar wins face-off versus Alex Ovechkin in neutral zone.
0:12 of 1st period - Snap shot by Logan Couture.
0:12 of 1st period - Shot Blocked by Ryan Kesler.
0:14 of 1st period - Wrist shot by Anze Kopitar.
0:14 of 1st period - Shot Misses the Net.
0:16 of 1st period - Backhand shot by Hampus Lindholm.
0:16 of 1st period - Shot Blocked by Cam Fowler.
0:28 of 1st period - Wrist shot by Lars Eller.
0:28 of 1st period - Stopped by Ryan Miller without a rebound.
0:29 of 1st period - Martin Hanzal wins face-off versus Lars Eller in Kings zone.
0:52 of 1st period - Icing by Lars Eller.
0:53 of 1st period - Travis Zajac wins face-off versus Mathieu Perreault in Maple Leafs zone.
1:02 of 1st period - Travis Zajac is hit by Magnus Paajarvi and loses puck.
1:37 of 1st period - Slapshot by Mike Hoffman.
1:37 of 1st period - Stopped by Ryan Miller without a rebound.
1:38 of 1st period - Ryan Kesler wins face-off versus Anze Kopitar in Kings zone.
1:51 of 1st period - Wrist shot by Ryan Kesler.
1:51 of 1st period - Stopped by Marc-Andre Fleury without a rebound.
1:52 of 1st period - William Karlsson wins face-off versus Tom Kostopoulos in Maple Leafs zone.
1:55 of 1st period - Wrist shot by Oliver Bjorkstrand.
1:55 of 1st period - Shot Misses the Net.
2:01 of 1st period - Justin Schultz is hit by Tom Kostopoulos and loses puck.
2:19 of 1st period - Minor Penalty to Hampus Lindholm for Interference.
2:20 of 1st period - Travis Zajac wins face-off versus Ryan Kesler in Maple Leafs zone.
2:29 of 1st period - Snap shot by Travis Zajac.
2:29 of 1st period - Shot Misses the Net.
2:49 of 1st period - Logan Couture is hit by Mathieu Perreault and loses puck.
4:08 of 1st period - Thomas Vanek is hit by Luke Schenn.
4:19 of 1st period - Penalty to Hampus Lindholm is over, Hampus Lindholm is back on ice.
4:34 of 1st period - Alexander Edler is hit by Tom Kostopoulos and loses puck.
5:17 of 1st period - Snap shot by Nikolaj Ehlers.
5:17 of 1st period - Deflect By Logan Couture.
5:17 of 1st period - Shot Misses the Net.
5:17 of 1st period - Puck is out of play.
5:18 of 1st period - William Karlsson wins face-off versus Anze Kopitar in Kings zone.
5:18 of 1st period - William Karlsson is hit by Nikolaj Ehlers.
5:24 of 1st period - Logan Couture is hit by Ryan Reaves and loses puck.
5:44 of 1st period - Snap shot by Mathieu Perreault.
5:44 of 1st period - Stopped by Marc-Andre Fleury without a rebound.
5:45 of 1st period - Mathieu Perreault wins face-off versus Travis Zajac in Maple Leafs zone.
5:46 of 1st period - Snap shot by Patrick Maroon.
5:46 of 1st period - Stopped by Marc-Andre Fleury without a rebound.
5:47 of 1st period - Anze Kopitar wins face-off versus Mathieu Perreault in Maple Leafs zone.
5:52 of 1st period - Backhand shot by Mathieu Perreault.
5:52 of 1st period - Shot Misses the Net.
6:17 of 1st period - Mike Hoffman is hit by Alex Ovechkin and loses puck.
6:32 of 1st period - Snap shot by Lars Eller.
6:32 of 1st period - Stopped by Ryan Miller without a rebound.
6:33 of 1st period - Martin Hanzal wins face-off versus Lars Eller in Kings zone.
6:59 of 1st period - Wrist shot by Jason Zucker.
6:59 of 1st period - Stopped by Marc-Andre Fleury with a rebound.
7:01 of 1st period - Slapshot by Cam Fowler.
7:01 of 1st period - Stopped by Marc-Andre Fleury with a rebound.
7:03 of 1st period - Snap shot by Artem Anisimov.
7:03 of 1st period - Shot Blocked by Hampus Lindholm.
7:23 of 1st period - Wrist shot by Bobby Ryan.
7:23 of 1st period - Shot Misses the Net.
7:25 of 1st period - Slapshot by Luke Schenn.
7:25 of 1st period - Shot Misses the Net.
7:27 of 1st period - Snap shot by Mike Hoffman.
7:27 of 1st period - Maple Leafs goal is going for a video replay.
7:27 of 1st period - The goal is refused. The puck has entered the net after making contact with an attacking player’s stick that is above the height of the crossbar..
7:28 of 1st period - Martin Hanzal wins face-off versus Travis Zajac in Kings zone.
7:53 of 1st period - Anze Kopitar is hit by Alex Ovechkin and loses puck.
8:13 of 1st period - Off-side.
8:14 of 1st period - Lars Eller wins face-off versus Mathieu Perreault in neutral zone.
8:28 of 1st period - Lars Eller is hit by Mathieu Perreault and loses puck.
8:46 of 1st period - Slapshot by Artem Anisimov.
8:46 of 1st period - Stopped by Marc-Andre Fleury with a rebound.
9:12 of 1st period - Wrist shot by Travis Zajac.
9:12 of 1st period - Shot Misses the Net.
9:24 of 1st period - Snap shot by Oliver Bjorkstrand.
9:24 of 1st period - Shot Misses the Net.
9:51 of 1st period - Snap shot by Nicklas Jensen.
9:51 of 1st period - Stopped by Ryan Miller without a rebound.
9:52 of 1st period - Ryan Kesler wins face-off versus Logan Couture in Kings zone.
9:52 of 1st period - Ryan Kesler is hit by Nikolaj Ehlers.
10:18 of 1st period - Alexander Edler is hit by Luke Schenn and loses puck.
10:24 of 1st period - Off-side.
10:25 of 1st period - Mathieu Perreault wins face-off versus Sergey Kalinin in neutral zone.
10:38 of 1st period - Wrist shot by Boyd Gordon.
10:38 of 1st period - Shot Blocked by Justin Schultz.
10:40 of 1st period - Slapshot by Steven Santini.
10:40 of 1st period - Deflect By Tom Kostopoulos.
10:40 of 1st period - Shot Misses the Net.
10:40 of 1st period - Puck is out of play.
10:41 of 1st period - Ryan Kesler wins face-off versus Anze Kopitar in Kings zone.
10:58 of 1st period - Snap shot by Alex Ovechkin.
10:58 of 1st period - Goal by Alex Ovechkin - Maple Leafs : 0 - Kings : 1.
10:59 of 1st period - Anze Kopitar wins face-off versus Martin Hanzal in neutral zone.
11:24 of 1st period - Luke Schenn is hit by Alex Ovechkin.
12:13 of 1st period - Cam Fowler is hit by Steven Santini and loses puck.
12:18 of 1st period - Slapshot by Toby Enstrom.
12:18 of 1st period - Deflect By Cam Fowler.
12:18 of 1st period - Stopped by Ryan Miller without a rebound.
12:19 of 1st period - Anze Kopitar wins face-off versus Ryan Kesler in Kings zone.
12:20 of 1st period - Wrist shot by Nikolaj Ehlers.
12:20 of 1st period - Shot Misses the Net.
12:52 of 1st period - Snap shot by Mike Hoffman.
12:52 of 1st period - Stopped by Ryan Miller with a rebound.
12:54 of 1st period - Snap shot by Toby Enstrom.
12:54 of 1st period - Stopped by Ryan Miller with a rebound.
13:25 of 1st period - Snap shot by Logan Couture.
13:25 of 1st period - Shot Blocked by Michael Del Zotto.
13:27 of 1st period - Backhand shot by Nikolaj Ehlers.
13:27 of 1st period - Stopped by Ryan Miller without a rebound.
13:28 of 1st period - William Karlsson wins face-off versus Anze Kopitar in Kings zone.
14:35 of 1st period - Hampus Lindholm is hit by Oliver Bjorkstrand and loses puck.
14:58 of 1st period - Wrist shot by Nikolaj Ehlers.
14:58 of 1st period - Shot Blocked by Brian Dumoulin.
15:00 of 1st period - Wrist shot by Anze Kopitar.
15:00 of 1st period - Stopped by Ryan Miller with a rebound.
15:10 of 1st period - Snap shot by Nikolaj Ehlers.
15:10 of 1st period - Stopped by Ryan Miller with a rebound.
15:12 of 1st period - Snap shot by Nikolaj Ehlers.
15:12 of 1st period - Shot Misses the Net.
15:20 of 1st period - Slapshot by Nikolaj Ehlers.
15:20 of 1st period - Stopped by Ryan Miller without a rebound.
15:21 of 1st period - Travis Zajac wins face-off versus Ryan Kesler in Kings zone.
15:27 of 1st period - Off-side.
15:28 of 1st period - Ryan Kesler wins face-off versus Mike Hoffman in neutral zone.
16:51 of 1st period - Off-side.
16:52 of 1st period - Martin Hanzal wins face-off versus Lars Eller in neutral zone.
17:21 of 1st period - Slapshot by Alex Ovechkin.
17:21 of 1st period - Shot Blocked by Travis Zajac.
17:59 of 1st period - Snap shot by Thomas Vanek.
17:59 of 1st period - Stopped by Marc-Andre Fleury with a rebound.
18:01 of 1st period - Wrist shot by Martin Hanzal.
18:01 of 1st period - Goal by Martin Hanzal - Maple Leafs : 0 - Kings : 2.
18:02 of 1st period - Ryan Kesler wins face-off versus Nikolaj Ehlers in neutral zone.
18:17 of 1st period - Slapshot by Alex Ovechkin.
18:17 of 1st period - Shot Misses the Net.
18:19 of 1st period - Wrist shot by Artem Anisimov.
18:19 of 1st period - Stopped by Marc-Andre Fleury without a rebound.
18:20 of 1st period - Travis Zajac wins face-off versus Martin Hanzal in Maple Leafs zone.
19:08 of 1st period - Snap shot by Alex Ovechkin.
19:08 of 1st period - Stopped by Marc-Andre Fleury without a rebound.
19:09 of 1st period - Logan Couture wins face-off versus Mathieu Perreault in Maple Leafs zone.
19:39 of 1st period - Snap shot by Bobby Ryan.
19:39 of 1st period - Stopped by Ryan Miller with a rebound.
Goals for this period are 0 for Maple Leafs vs 2 for Kings.
Shots for this period are 13 for Maple Leafs vs 11 for Kings.

2nd period


0:01 of 2nd period - Anze Kopitar wins face-off versus Martin Hanzal in neutral zone.
0:14 of 2nd period - Wrist shot by Logan Couture.
0:14 of 2nd period - Shot Blocked by Alexander Edler.
0:30 of 2nd period - Artem Anisimov is hit by Luke Schenn and loses puck.
2:16 of 2nd period - Snap shot by Mathieu Perreault.
2:16 of 2nd period - Stopped by Marc-Andre Fleury without a rebound.
2:17 of 2nd period - Anze Kopitar wins face-off versus Mathieu Perreault in Maple Leafs zone.
2:28 of 2nd period - Snap shot by Logan Couture.
2:28 of 2nd period - Shot Blocked by Patrick Maroon.
2:30 of 2nd period - Slapshot by Logan Couture.
2:30 of 2nd period - Goal by Logan Couture - Maple Leafs : 1 - Kings : 2.
2:31 of 2nd period - Anze Kopitar wins face-off versus Ryan Kesler in neutral zone.
2:52 of 2nd period - Minor Penalty to Alex Ovechkin for Interference.
2:53 of 2nd period - Anze Kopitar wins face-off versus Martin Hanzal in Kings zone.
2:56 of 2nd period - Snap shot by Anze Kopitar.
2:56 of 2nd period - Goal by Anze Kopitar - Maple Leafs : 2 - Kings : 2.
2:57 of 2nd period - Mike Hoffman wins face-off versus Martin Hanzal in neutral zone.
3:22 of 2nd period - Ryan Kesler is hit by Nikolaj Ehlers and loses puck.
3:33 of 2nd period - Slapshot by Nikolaj Ehlers.
3:33 of 2nd period - Stopped by Ryan Miller with a rebound.
3:35 of 2nd period - Snap shot by Nikolaj Ehlers.
3:35 of 2nd period - Shot Misses the Net.
3:46 of 2nd period - Off-side.
3:47 of 2nd period - Lars Eller wins face-off versus Mathieu Perreault in neutral zone.
3:56 of 2nd period - Slapshot by Nicklas Jensen.
3:56 of 2nd period - Shot Blocked by Cam Fowler.
4:12 of 2nd period - Bobby Ryan is hit by Jason Zucker and loses puck.
4:27 of 2nd period - Minor Penalty to Luke Schenn for Interference.
4:28 of 2nd period - Travis Zajac wins face-off versus Ryan Kesler in Maple Leafs zone.
5:01 of 2nd period - Anze Kopitar is hit by Alexander Edler and loses puck.
5:41 of 2nd period - Michael Del Zotto is hit by Steven Santini and loses puck.
6:20 of 2nd period - Mike Hoffman is hit by Michael Del Zotto and loses puck.
6:27 of 2nd period - Penalty to Luke Schenn is over, Luke Schenn is back on ice.
6:36 of 2nd period - Will O'Neill is hit by Thomas Vanek and loses puck.
6:55 of 2nd period - Slapshot by Thomas Vanek.
6:55 of 2nd period - Deflect By Patrick Maroon.
6:55 of 2nd period - Shot Misses the Net.
6:55 of 2nd period - Puck is out of play.
6:56 of 2nd period - Nicklas Jensen wins face-off versus Ryan Kesler in Maple Leafs zone.
7:48 of 2nd period - Wrist shot by Nikolaj Ehlers.
7:48 of 2nd period - Shot Blocked by Brian Dumoulin.
9:44 of 2nd period - Will O'Neill is hit by Artem Anisimov and loses puck.
10:13 of 2nd period - Minor Penalty to Michael Del Zotto for Tripping.
10:14 of 2nd period - Martin Hanzal wins face-off versus Travis Zajac in Kings zone.
11:32 of 2nd period - Danny DeKeyser is hit by Mike Hoffman and loses puck.
12:13 of 2nd period - Penalty to Michael Del Zotto is over, Michael Del Zotto is back on ice.
12:44 of 2nd period - Slapshot by Patrick Maroon.
12:44 of 2nd period - Stopped by Marc-Andre Fleury with a rebound.
13:30 of 2nd period - Tom Kostopoulos is hit by Danny DeKeyser and loses puck.
13:39 of 2nd period - Hampus Lindholm is hit by William Karlsson and loses puck.
13:57 of 2nd period - Toby Enstrom is hit by Alexander Edler and loses puck.
14:08 of 2nd period - Wrist shot by Michael Del Zotto.
14:08 of 2nd period - Deflect By Steven Santini.
14:08 of 2nd period - Stopped by Marc-Andre Fleury without a rebound.
14:09 of 2nd period - Artem Anisimov wins face-off versus Anze Kopitar in Maple Leafs zone.
14:27 of 2nd period - Minor Penalty to Nikolaj Ehlers for Hooking.
14:28 of 2nd period - Travis Zajac wins face-off versus Alex Ovechkin in Maple Leafs zone.
16:02 of 2nd period - Travis Zajac is hit by Ryan Kesler and loses puck.
16:27 of 2nd period - Penalty to Nikolaj Ehlers is over, Nikolaj Ehlers is back on ice.
16:31 of 2nd period - Wrist shot by Oliver Bjorkstrand.
16:31 of 2nd period - Stopped by Marc-Andre Fleury without a rebound.
16:32 of 2nd period - Lars Eller wins face-off versus William Karlsson in Maple Leafs zone.
17:50 of 2nd period - Snap shot by Oliver Bjorkstrand.
17:50 of 2nd period - Stopped by Marc-Andre Fleury with a rebound.
18:08 of 2nd period - Boyd Gordon is hit by Martin Hanzal and loses puck.
18:49 of 2nd period - Will O'Neill is hit by Alexander Edler and loses puck.
19:04 of 2nd period - Alex Ovechkin is hit by Travis Zajac and loses puck.
19:13 of 2nd period - Wrist shot by Travis Zajac.
19:13 of 2nd period - Stopped by Ryan Miller with a rebound.
19:15 of 2nd period - Wrist shot by Mike Hoffman.
19:15 of 2nd period - Shot Misses the Net.
19:17 of 2nd period - Backhand shot by Will O'Neill.
19:17 of 2nd period - Shot Blocked by Cam Fowler.
19:23 of 2nd period - Wrist shot by Travis Zajac.
19:23 of 2nd period - Stopped by Ryan Miller with a rebound.
19:35 of 2nd period - Wrist shot by Mike Hoffman.
19:35 of 2nd period - Goal by Mike Hoffman - Maple Leafs : 3 - Kings : 2.
19:36 of 2nd period - Martin Hanzal wins face-off versus Anze Kopitar in neutral zone.
19:47 of 2nd period - Slapshot by Anze Kopitar.
19:47 of 2nd period - Shot Misses the Net.
Goals for this period are 3 for Maple Leafs vs 0 for Kings.
Shots for this period are 6 for Maple Leafs vs 5 for Kings.

3rd period


0:01 of 3rd period - Ryan Kesler wins face-off versus Anze Kopitar in neutral zone.
0:10 of 3rd period - Artem Anisimov is hit by Luke Schenn and loses puck.
0:25 of 3rd period - Alex Ovechkin is hit by Luke Schenn and loses puck.
0:32 of 3rd period - Slapshot by Cam Fowler.
0:32 of 3rd period - Shot Misses the Net.
0:34 of 3rd period - Slapshot by Justin Schultz.
0:34 of 3rd period - Stopped by Marc-Andre Fleury with a rebound.
0:36 of 3rd period - Slapshot by Artem Anisimov.
0:36 of 3rd period - Shot Misses the Net.
0:38 of 3rd period - Snap shot by Ryan Kesler.
0:38 of 3rd period - Shot Blocked by Hampus Lindholm.
0:40 of 3rd period - Slapshot by Artem Anisimov.
0:40 of 3rd period - Shot Blocked by Hampus Lindholm.
0:42 of 3rd period - Snap shot by Danny DeKeyser.
0:42 of 3rd period - Shot Blocked by Nicklas Jensen.
0:50 of 3rd period - Snap shot by Alex Ovechkin.
0:50 of 3rd period - Shot Misses the Net.
0:56 of 3rd period - Snap shot by Lars Eller.
0:56 of 3rd period - Shot Blocked by Brian Dumoulin.
0:58 of 3rd period - Snap shot by Nicklas Jensen.
0:58 of 3rd period - Shot Misses the Net.
1:00 of 3rd period - Snap shot by Lars Eller.
1:00 of 3rd period - Shot Hit the Post.
1:02 of 3rd period - Wrist shot by Hampus Lindholm.
1:02 of 3rd period - Shot Misses the Net.
1:04 of 3rd period - Wrist shot by Lars Eller.
1:04 of 3rd period - Shot Misses the Net.
1:06 of 3rd period - Wrist shot by Stephen Gionta.
1:06 of 3rd period - Stopped by Ryan Miller with a rebound.
1:08 of 3rd period - Snap shot by Stephen Gionta.
1:08 of 3rd period - Stopped by Ryan Miller without a rebound.
1:09 of 3rd period - Martin Hanzal wins face-off versus Anze Kopitar in Kings zone.
1:09 of 3rd period - Martin Hanzal is hit by Toby Enstrom.
1:44 of 3rd period - Slapshot by Mathieu Perreault.
1:44 of 3rd period - Shot Misses the Net.
1:56 of 3rd period - Snap shot by Oliver Bjorkstrand.
1:56 of 3rd period - Deflect By William Karlsson.
1:56 of 3rd period - Shot Misses the Net.
1:56 of 3rd period - Puck is out of play.
1:57 of 3rd period - Anze Kopitar wins face-off versus William Karlsson in Maple Leafs zone.
2:08 of 3rd period - Snap shot by Logan Couture.
2:08 of 3rd period - Stopped by Ryan Miller without a rebound.
2:09 of 3rd period - Martin Hanzal wins face-off versus Anze Kopitar in Kings zone.
2:13 of 3rd period - Off-side.
2:14 of 3rd period - Anze Kopitar wins face-off versus Jason Zucker in neutral zone.
2:41 of 3rd period - Minor Penalty to Artem Anisimov for Tripping.
2:42 of 3rd period - Martin Hanzal wins face-off versus Anze Kopitar in Kings zone.
2:55 of 3rd period - Off-side.
2:56 of 3rd period - Martin Hanzal wins face-off versus Anze Kopitar in neutral zone.
3:27 of 3rd period - Jason Zucker is hit by Bobby Ryan and loses puck.
4:41 of 3rd period - Penalty to Artem Anisimov is over, Artem Anisimov is back on ice.
5:14 of 3rd period - Slapshot by Justin Schultz.
5:14 of 3rd period - Stopped by Marc-Andre Fleury with a rebound.
5:34 of 3rd period - Wrist shot by Oliver Bjorkstrand.
5:34 of 3rd period - Stopped by Marc-Andre Fleury with a rebound.
6:30 of 3rd period - Nikolaj Ehlers is hit by Cam Fowler and loses puck.
7:11 of 3rd period - William Karlsson is hit by Fredrik Claesson and loses puck.
7:38 of 3rd period - Snap shot by Ryan Kesler.
7:38 of 3rd period - Stopped by Marc-Andre Fleury with a rebound.
7:40 of 3rd period - Snap shot by Alex Ovechkin.
7:40 of 3rd period - Shot Misses the Net.
7:49 of 3rd period - Off-side.
7:50 of 3rd period - Martin Hanzal wins face-off versus Lars Eller in neutral zone.
8:48 of 3rd period - Wrist shot by Bobby Ryan.
8:48 of 3rd period - Stopped by Ryan Miller with a rebound.
8:54 of 3rd period - Snap shot by Magnus Paajarvi.
8:54 of 3rd period - Stopped by Marc-Andre Fleury without a rebound.
8:55 of 3rd period - Travis Zajac wins face-off versus Martin Hanzal in Maple Leafs zone.
9:46 of 3rd period - Wrist shot by Mathieu Perreault.
9:46 of 3rd period - Shot Misses the Net.
9:48 of 3rd period - Wrist shot by Magnus Paajarvi.
9:48 of 3rd period - Goal by Magnus Paajarvi - Maple Leafs : 3 - Kings : 3.
9:49 of 3rd period - Logan Couture wins face-off versus Martin Hanzal in neutral zone.
9:54 of 3rd period - Wrist shot by Nikolaj Ehlers.
9:54 of 3rd period - Shot Misses the Net.
9:56 of 3rd period - Snap shot by Nikolaj Ehlers.
9:56 of 3rd period - Deflect By Anze Kopitar.
9:56 of 3rd period - Shot Misses the Net.
9:56 of 3rd period - Puck is out of play.
9:57 of 3rd period - Martin Hanzal wins face-off versus Anze Kopitar in Kings zone.
9:57 of 3rd period - Martin Hanzal is hit by Logan Couture.
10:17 of 3rd period - Slapshot by Logan Couture.
10:17 of 3rd period - Stopped by Ryan Miller without a rebound.
10:18 of 3rd period - Travis Zajac wins face-off versus Ryan Kesler in Kings zone.
10:45 of 3rd period - Logan Couture is hit by Mathieu Perreault and loses puck.
11:07 of 3rd period - Icing by Lars Eller.
11:08 of 3rd period - Lars Eller wins face-off versus Martin Hanzal in Maple Leafs zone.
11:15 of 3rd period - Snap shot by Lars Eller.
11:15 of 3rd period - Stopped by Ryan Miller with a rebound.
11:17 of 3rd period - Wrist shot by Stephen Gionta.
11:17 of 3rd period - Goal by Stephen Gionta - Maple Leafs : 4 - Kings : 3.
11:18 of 3rd period - Anze Kopitar wins face-off versus Ryan Kesler in neutral zone.
12:05 of 3rd period - Alexander Edler is hit by Sergey Kalinin and loses puck.
12:30 of 3rd period - Slapshot by Cam Fowler.
12:30 of 3rd period - Stopped by Marc-Andre Fleury without a rebound.
12:31 of 3rd period - Ryan Kesler wins face-off versus Anze Kopitar in Maple Leafs zone.
12:32 of 3rd period - Snap shot by Alex Ovechkin.
12:32 of 3rd period - Stopped by Marc-Andre Fleury without a rebound.
12:33 of 3rd period - Anze Kopitar wins face-off versus Ryan Kesler in Maple Leafs zone.
13:12 of 3rd period - Snap shot by Travis Zajac.
13:12 of 3rd period - Stopped by Ryan Miller without a rebound.
13:13 of 3rd period - Lars Eller wins face-off versus Mathieu Perreault in Kings zone.
13:25 of 3rd period - Snap shot by Magnus Paajarvi.
13:25 of 3rd period - Shot Misses the Net.
13:27 of 3rd period - Wrist shot by Alexander Edler.
13:27 of 3rd period - Stopped by Marc-Andre Fleury without a rebound.
13:28 of 3rd period - Anze Kopitar wins face-off versus Ryan Kesler in Maple Leafs zone.
13:33 of 3rd period - Nikolaj Ehlers is hit by Alexander Edler and loses puck.
13:54 of 3rd period - Alexander Edler is hit by Hampus Lindholm and loses puck.
14:20 of 3rd period - Wrist shot by Mathieu Perreault.
14:20 of 3rd period - Deflect By Magnus Paajarvi.
14:20 of 3rd period - Shot Misses the Net.
14:20 of 3rd period - Puck is out of play.
14:21 of 3rd period - Anze Kopitar wins face-off versus Ryan Kesler in Maple Leafs zone.
14:34 of 3rd period - Snap shot by Ryan Kesler.
14:34 of 3rd period - Stopped by Marc-Andre Fleury with a rebound.
15:27 of 3rd period - Snap shot by Logan Couture.
15:27 of 3rd period - Stopped by Ryan Miller without a rebound.
15:28 of 3rd period - Mathieu Perreault wins face-off versus Lars Eller in Kings zone.
16:27 of 3rd period - Snap shot by Tom Kostopoulos.
16:27 of 3rd period - Shot Misses the Net.
16:31 of 3rd period - Snap shot by Sergey Kalinin.
16:31 of 3rd period - Stopped by Ryan Miller with a rebound.
16:33 of 3rd period - Snap shot by Will O'Neill.
16:33 of 3rd period - Deflect By Boyd Gordon.
16:33 of 3rd period - Shot Misses the Net.
16:33 of 3rd period - Puck is out of play.
16:34 of 3rd period - Mathieu Perreault wins face-off versus Lars Eller in Kings zone.
16:43 of 3rd period - Snap shot by Lars Eller.
16:43 of 3rd period - Stopped by Ryan Miller without a rebound.
16:44 of 3rd period - Lars Eller wins face-off versus Mathieu Perreault in Kings zone.
16:45 of 3rd period - Snap shot by Nicklas Jensen.
16:45 of 3rd period - Stopped by Ryan Miller with a rebound.
17:01 of 3rd period - Slapshot by Cam Fowler.
17:01 of 3rd period - Deflect By Mathieu Perreault.
17:01 of 3rd period - Goal by Mathieu Perreault - Maple Leafs : 4 - Kings : 4.
17:02 of 3rd period - Anze Kopitar wins face-off versus Mathieu Perreault in neutral zone.
17:13 of 3rd period - Snap shot by Anze Kopitar.
17:13 of 3rd period - Stopped by Ryan Miller without a rebound.
17:14 of 3rd period - Mathieu Perreault wins face-off versus Anze Kopitar in Kings zone.
17:43 of 3rd period - Wrist shot by Alex Ovechkin.
17:43 of 3rd period - Stopped by Marc-Andre Fleury without a rebound.
17:44 of 3rd period - Ryan Kesler wins face-off versus Lars Eller in Maple Leafs zone.
17:48 of 3rd period - Icing by Toby Enstrom.
17:49 of 3rd period - Lars Eller wins face-off versus Mathieu Perreault in Maple Leafs zone.
17:54 of 3rd period - Wrist shot by Lars Eller.
17:54 of 3rd period - Stopped by Ryan Miller with a rebound.
17:56 of 3rd period - Snap shot by Stephen Gionta.
17:56 of 3rd period - Stopped by Ryan Miller with a rebound.
17:58 of 3rd period - Slapshot by Toby Enstrom.
17:58 of 3rd period - Shot Misses the Net.
18:00 of 3rd period - Snap shot by Lars Eller.
18:00 of 3rd period - Stopped by Ryan Miller without a rebound.
18:01 of 3rd period - Lars Eller wins face-off versus Mathieu Perreault in Kings zone.
18:07 of 3rd period - Icing by Patrick Maroon.
18:08 of 3rd period - Mathieu Perreault wins face-off versus Lars Eller in Kings zone.
18:46 of 3rd period - Snap shot by Stephen Gionta.
18:46 of 3rd period - Shot Misses the Net.
19:12 of 3rd period - Snap shot by Lars Eller.
19:12 of 3rd period - Shot Misses the Net.
Goals for this period are 1 for Maple Leafs vs 2 for Kings.
Shots for this period are 16 for Maple Leafs vs 12 for Kings.

Overtime #1


0:01 of 1st overtime period - Travis Zajac wins face-off versus Ryan Kesler in neutral zone.
0:52 of 1st overtime period - Slapshot by Ryan Kesler.
0:52 of 1st overtime period - Shot Misses the Net.
1:36 of 1st overtime period - Cam Fowler is hit by Bobby Ryan.
2:36 of 1st overtime period - Martin Hanzal is hit by Bobby Ryan and loses puck.
3:15 of 1st overtime period - Travis Zajac is hit by Alex Ovechkin and loses puck.
4:02 of 1st overtime period - Slapshot by Alex Ovechkin.
4:02 of 1st overtime period - Goal by Alex Ovechkin - Maple Leafs : 4 - Kings : 5.
Goals for this period are 0 for Maple Leafs vs 1 for Kings.
Shots for this period are 0 for Maple Leafs vs 1 for Kings.